 Dungeon Crawl Stone Soup version 0.31-a0-188-g5e087ee2ca (webtiles) character file.

Game seed: 5759026418039006286

205 qw the Skirmisher (level 5, -3/29 HPs)
             Began as a Deep Elf Hunter on June 23, 2023.
             Slain by Sigmund
             ... wielding a +0 scythe of venom
              (4 damage)
             ... on level 3 of the Dungeon.
             The game lasted 00:01:04 (2081 turns).

qw the Skirmisher (Deep Elf Hunter)                 Turns: 2081, Time: 00:01:05

Health: -3/29      AC:  6    Str: 10    XL:     5   Next: 52%
Magic:  7/7        EV: 12    Int: 14    God:
Gold:   138        SH:  0    Dex: 18    Spells: 4/4 levels left

rFire   . . .        Y - +0 shortbow
rCold   . . .        (shield currently unavailable)
rNeg    . . .        c - +0 leather armour
rPois   .            (no helmet)
rElec   .            j - +2 cloak
rCorr   .            (no gloves)
SInv    .            (no boots)
Will    .....        e - amulet of regeneration
Stlth   ++           (no ring)
HPRegen 1.04/turn    (no ring)
MPRegen 0.10/turn

%: no passive effects
@: lethally poisoned (-3 -> -5)
A: no striking features
a: no special abilities


You were on level 3 of the Dungeon.
You visited 1 branch of the dungeon, and saw 3 of its levels.

You collected 138 gold pieces.


   Skills:
 - Level 1.5 Fighting
 - Level 9.0 Ranged Weapons
 + Level 2.7 Dodging
 - Level 1.2 Stealth


You had 4 spell levels left.
You didn't know any spells.
Your spell library was empty.

Inventory:

Hand Weapons
 Y - a +0 shortbow (weapon)
Armour
 c - a +0 leather armour (worn)
 d - a +0 ring mail
 j - a +2 cloak (worn)
Jewellery
 e - an amulet of regeneration (around neck)
Scrolls
 b - 2 scrolls of identify
Potions
 a - a potion of brilliance {unknown}
 f - 2 potions of ambrosia {unknown}
 g - a potion of mutation {unknown}
 h - a potion of might {unknown}
 i - 3 potions of degeneration {unknown}
 k - a potion of resistance {unknown}

Dungeon Overview and Level Annotations

Branches:
Dungeon (3/15)

Altars:

Shops:
D:1 [

Annotations:
D:3 Sigmund


Message History

You are poisoned.
You shoot an arrow. The arrow hits Sigmund.
Sigmund is moderately wounded.
You feel sick.
You shoot an arrow. The arrow closely misses Sigmund.
You feel sick. Sigmund barely misses you.
You shoot an arrow. The arrow hits Sigmund.
Sigmund is severely wounded.
You feel sick.
Sigmund zaps a wand.
The puff of flame hits you.
You shoot an arrow.
The arrow hits Sigmund but does no damage.
Sigmund is severely wounded.
You feel sick.
Sigmund mumbles some strange words.
Sigmund flickers and vanishes!
Deactivating autopickup; reactivate with Ctrl-A.
You shoot an arrow.
You feel sick.
You are no longer poisoned.
You hear some strange, mumbled words.
A puff of flame appears from out of thin air!
The puff of flame misses you.
You shoot an arrow. Something hits you.
You are poisoned.
You shoot an arrow.
You feel very sick. Something hits you.
You are more poisoned.
You shoot an arrow.
You feel very sick.
You shoot an arrow.
You feel very sick.
You hear a zap.
A puff of flame appears from out of thin air!
The puff of flame hits you!
You shoot an arrow.
You feel very sick. Something hits you.
You die...

#...####.......## ##.###.######<
...####.........####...##.##.....
...?..'.........)........%.......
...####.........####...#)..#.....
#..# ##.......## ##....#.#>....
##.# ##.....## ##.#...#...#. ...#
##...##### #.#####...#. .###
#........# #.# #..... .#
#.#.####@# #.# ##..## .# #.#.#
#.# #.# #.... .# ### #.#.# #{#
##(.. <# #.. ..... ... #### .#
#.# #.... #.# # .###.# .... #.# #
..##.####.#. #.# # .........)...
..# # ..##.######.# #


There were no monsters in sight!

Vanquished Creatures
  2 orc priests (D:3)
  Jessica (D:2)
  4 adders
  2 worms
  6 orcs (D:3)
  9 ball pythons
  6 endoplasms
  3 giant cockroaches
  14 goblins
  A hobgoblin (D:1)
  4 quokkas
  3 bats
  4 frilled lizards
  7 kobolds
  5 rats
71 creatures vanquished.

Notes
Turn   | Place    | Note
-------+----------+-------------------------------------------
     0 | D:1      | qw the Deep Elf Hunter began the quest for the Orb.
     0 | D:1      | Reached XP level 1. HP: 12/12 MP: 3/3
     0 | D:1      | 0 ||| qw: Version: 0.3-a-9-g12657ce
     0 | D:1      | 0 ||| qw: Game counter: 3100
     0 | D:1      | 0 ||| qw: Always use a shield: true
     0 | D:1      | 0 ||| qw: God list: Okawaru
     0 | D:1      | 0 ||| qw: Allow faded altars: false
     0 | D:1      | 0 ||| qw: Do Orc after D:15 true
     0 | D:1      | 0 ||| qw: Do second Lair branch before Depths: true
     0 | D:1      | 0 ||| qw: Lair rune preference: random
     0 | D:1      | 0 ||| qw: Plans: Normal
     0 | D:1      | 0 ||| PLANNING D:1-11
    84 | D:1      | Reached XP level 2. HP: 16/16 MP: 4/4
   114 | D:1      | Reached skill level 6 in Ranged Weapons
   200 | D:1      | Found Buolafoe's Antique Armour Emporium.
   209 | D:1      | 209 ||| SHOPLISTING pair of gloves (108 gold, have 64).
   209 | D:1      | 209 ||| SHOPLISTING pair of runed gloves (180 gold, have
                  | 64).
   209 | D:1      | 209 ||| SHOPLISTING ring mail (96 gold, have 64).
   447 | D:1      | Reached XP level 3. HP: 20/20 MP: 5/5
   525 | D:1      | 525 ||| UPGRADING to amulet of regeneration.
   530 | D:1      | 530 ||| DROPPING +6 ring of intelligence.
   531 | D:1      | 531 ||| READING scroll labelled ZADENO ZOXIRA.
   532 | D:1      | 532 ||| READING scroll labelled VAMI YDUSYSOA.
   533 | D:1      | 533 ||| READING scroll labelled YTUOB TOTRA.
   534 | D:1      | 534 ||| DROPPING scroll of butterflies.
   536 | D:1      | 536 ||| Stepping ~*~*~tactically~*~*~ (cloud).
   862 | D:2      | Reached skill level 7 in Ranged Weapons
  1059 | D:2      | Noticed Jessica
  1066 | D:2      | 1066 ||| FLEEEEING.
  1067 | D:2      | 1067 ||| FLEEEEING.
  1076 | D:2      | Killed Jessica
  1077 | D:2      | Reached XP level 4. HP: 25/25 MP: 6/6
  1244 | D:2      | 1244 ||| UPGRADING to +2 cloak.
  1249 | D:2      | 1249 ||| READING scroll labelled QYREAPSEUME.
  1250 | D:2      | 1250 ||| READING scroll labelled ZYCHUUTUFI.
  1251 | D:2      | 1251 ||| READING 2 scrolls of identify.
  1251 | D:2      | 1251 ||| IDENTIFYING fizzy pink potion
  1252 | D:2      | 1252 ||| DROPPING potion of attraction.
  1356 | D:3      | 1356 ||| FLEEEEING.
  1357 | D:3      | 1357 ||| FLEEEEING.
  1358 | D:3      | 1358 ||| FLEEEEING.
  1359 | D:3      | 1359 ||| FLEEEEING.
  1360 | D:3      | 1360 ||| FLEEEEING.
  1361 | D:3      | 1361 ||| FLEEEEING.
  1362 | D:3      | 1362 ||| FLEEEEING.
  1363 | D:3      | 1363 ||| FLEEEEING.
  1364 | D:3      | 1364 ||| FLEEEEING.
  1365 | D:3      | 1365 ||| FLEEEEING.
  1367 | D:3      | Reached skill level 8 in Ranged Weapons
  1405 | D:3      | Reached XP level 5. HP: 29/29 MP: 7/7
  2021 | D:3      | Reached skill level 9 in Ranged Weapons
  2066 | D:3      | Noticed Sigmund
  2080 | D:3      | HP: 3/29 [something/puff of flame (11)]
  2081 | D:3      | HP: 1/29 [poisoned by Sigmund]
  2081 | D:3      | Slain by Sigmund

Levels and vault maps discovered:
D:1:      tarquinn_simple_flora_water_a, layout_rooms, serial_shops, shop
D:2:      layout_loops_ring, minmay_crystal_water, serial_bayou_pond_e,
          uniq_jessica
D:3:      layout_loops_corners, uniq_sigmund

Skill      XL: |  1  2  3  4  5 |
---------------+----------------+-----
Ranged Weapons | 6 7 8 9 |  9.0
Fighting       | |  1.5
Dodging        | |  2.7
Stealth        | |  1.2

Action                     |  1- 3 |  4- 6 || total
---------------------------+-------+-------++-------
   Fire: Shortbow          |   123 |   115 ||   238
    Use: Scroll            |     3 |     3 ||     6
 Armour: Leather armour    |     6 |     6 ||    12
  Dodge: Dodged            |    15 |    15 ||    30

Table legend:
 A = Non-vault XP
 B = Vault XP
 C = Vault XP percentage of total XP
 D = Non-vault monster count
 E = Vault monster count
 F = Vault count percentage of total count
                 A         B        C        D         E       F
            +---------+---------+-------+---------+---------+-------
      Total |     256 |      37 |  12.6 |      70 |       1 |   1.4
            +---------+---------+-------+---------+---------+-------
        D:1 |      46 |       0 |   0.0 |      29 |       0 |   0.0
        D:2 |      53 |      37 |  41.1 |      16 |       1 |   5.9
        D:3 |     157 |       0 |   0.0 |      25 |       0 |   0.0
            +---------+---------+-------+---------+---------+-------
